Unix NetHack Version 5.0.0-0 post-release - last build May 10 2026 23:12:36 (d1fa5d53e341ca933230fdaa984d921c805b60aa,branch:main).

Game began 2026-05-15 22:34:28, ended 2026-05-15 22:48:59.

Drastanta, lawful female human Samurai

                         ----
                         |..---
                      ----....----
                     --..).......--
                     |......---..<|
                     |......-------
                     -.@G....-
                   -G%%.......-
                  .........G.....
                -.............----
                --....|.........
                 ---.---.......h-
                   --  ---.---...
                         ---  -....
                               --....
                                 ---.-
                                    --
Drastanta the Ronin    St:14 Dx:18 Co:18 In:11 Wi:7 Ch:7  Lawful
Dlvl:5  $:12 HP:0(47) Pw:13(13) AC:4  Xp:5 T:1345 

Latest messages:
 The dwarf is hit by a rock!
 The dwarf is killed!
 The cave spider is hit by a rock!
 The cave spider is killed!
 You miss the cave spider.
 The cave spider just misses!
 You kill the cave spider!
 You see here a cave spider corpse.
 You miss the centipede.
 You miss the centipede.
 You hit the centipede!
 You hit the centipede!
 You kill the centipede!
 You descend the stairs.
 You hit the gnome.
 The gnome hits!
 You kill the gnome!
 You see here a candle.
 The gnome lord shoots 2 crossbow bolts!
 The 1st crossbow bolt misses you.
 You are almost hit by the 2nd crossbow bolt.
 The gnome lord wields an aklys!
 The gnome lord secures the tether on the aklys.
 The gnome lord swings his aklys.
 The gnome lord hits!
 You hit the gnome lord.
 The gnome lord swings his aklys.
 The gnome lord hits!
 You hit the gnome lord!
 You hit the gnome lord!
 The gnome lord swings his aklys.
 The gnome lord hits!
 The gnome lord swings his crossbow.
 The gnome lord hits!
 You kill the gnome lord!
 You hit the gnome lord.
 The gnome lord swings his aklys.
 The gnome lord misses!
 You hit the gnome lord!
 You hit the gnome lord.
 You kill the gnome lord!
 The gnome hits!
 You hit the gnome.
 The gnome misses!
 You hit the gnome.
 The gnome hits!
 You hit the gnome.
 The gnome hits!
 You die...
 Do you want your possessions identified? [ynq] (y) q

Inventory:
 Coins    ('$')
  $ - 12 gold pieces
 Weapons  (')')
  d - 25 +0 ya (in quiver)
  c - a +0 yumi (alternate weapon; not wielded)
  a - a corroded +0 katana (weapon in right hand)
  b - a +0 wakizashi
 Armor    ('[')
  p - an uncursed +0 pair of jumping boots
  e - an uncursed rustproof +0 splint mail (being worn)
 Comestibles  ('%')
  k - 2 uncursed slime molds
  f - an uncursed carrot
  r - an uncursed cram ration
  i - a cursed cram ration
  s - an uncursed sprig of wolfsbane
 Scrolls  ('?')
  n - an uncursed scroll of confuse monster
  x - a cursed scroll of food detection
  u - an uncursed scroll of identify
  h - an uncursed scroll of scare monster
  j - an uncursed scroll of scare monster
 Potions  ('!')
  g - an uncursed potion of gain ability
  l - an uncursed potion of restore ability
 Rings    ('=')
  o - an uncursed ring of warning
 Tools    ('(')
  q - an uncursed skeleton key
  t - an uncursed tin whistle
  w - a cursed towel
  v - 3 cursed wax candles

Drastanta the Samurai's attributes:

Background:
 You were a Ronin, a level 5 female human Samurai.
 You were lawful, nominally on a mission for Amaterasu Omikami
 who was opposed by Raijin (neutral) and Susanowo (chaotic).
 You were right-handed.
 You were in the Gnomish Mines, on level 5.
 You entered the dungeon 1345 turns ago.
 It was nighttime.
 You had 292 experience points, 28 more were needed to attain level 6.

Basics:
 You had 0 out of 47 hit points.
 You had all 13 energy points (spell power).
 Your armor class was 4.
 Your wallet contained 12 zorkmids.
 Autopickup was off.

Final Characteristics:
 Your strength was 14 (limit:18/100).
 Your dexterity was 18 (limit:18).
 Your constitution was 18 (limit:18).
 Your intelligence was 11 (limit:18).
 Your wisdom was 7 (limit:18).
 Your charisma was 7 (limit:18).

Final Status:
 You weren't hungry.
 You were unencumbered.
 You were wielding a long sword.
 You had basic skill with long sword.

Final Attributes:
 You were devoutly aligned.
 You were warded.
 You were fast.
 You are dead.

Miscellaneous:
 You didn't encounter any bones levels.
 Total elapsed playing time was 14 minutes and 31 seconds.

Major events:
 Turn
    1: Drastanta the lawful female human Samurai entered the dungeon
  474: attained the rank of Ronin (level 3)
  644: entered the Gnomish Mines
 1345: killed by a gnome

You didn't know any spells.

Skills:
 Fighting Skills
   martial arts      [Basic]
   two weapon combat [Unskilled]
   riding            [Unskilled]
 Weapon Skills
   dagger            [Unskilled]
   knife             [Unskilled]
   short sword       [Basic]
   broadsword        [Unskilled]
   long sword        [Basic]
   two-handed sword  [Unskilled]
   saber             [Unskilled]
   flail             [Unskilled]
   quarterstaff      [Unskilled]
   polearms          [Unskilled]
   spear             [Unskilled]
   lance             [Unskilled]
   bow               [Basic]
   shuriken          [Unskilled]
 Spellcasting Skills
   attack spells     [Unskilled]
   divination spells [Unskilled]
   clerical spells   [Unskilled]

Voluntary challenges:
 Character rerolling was not enabled.
 You were an atheist.
 You were illiterate.
 You never genocided any monsters.
 You never polymorphed an object.
 You never changed form.
 You used no wishes.
Achievements:
 You attained the rank of Ronin.
 You entered the Gnomish Mines.

 The Dungeons of Doom: levels 1 to 3
    Level 1:
    Level 2:
       A fountain.
       Stairs down to The Gnomish Mines.
    Level 3:
 The Gnomish Mines: levels 3 to 5
    Level 3:
    Level 4:
    Level 5: <- You were here.
       Final resting place for
          you, killed by a gnome.


Vanquished creatures:
  a ghost
  5 gnome leaders
  a gnomish wizard
  a little dog
  a floating eye
  a dwarf
  a centipede
  a giant bat
 an orc zombie
 an acid blob
  a hobbit
  2 cave spiders
 15 gnomes
  a gecko
  4 jackals
  a fox
  a kobold
  a goblin
  2 grid bugs
  a lichen
  4 newts
47 creatures vanquished.

No species were genocided or became extinct.

Game over:
                       ----------
                      /          \
                     /    REST    \
                    /      IN      \
                   /     PEACE      \
                  /                  \
                  |    Drastanta     |
                  |      12 Au       |
                  |   killed by a    |
                  |      gnome       |
                  |                  |
                  |                  |
                  |       2026       |
                 *|     *  *  *      | *
        _________)/\\_//(\/(/\)/\//\/|_)_______

Sayonara Drastanta the Samurai...

You died in The Gnomish Mines on dungeon level 5 with 1799 points,
and 12 pieces of gold, after 1345 moves.
You were level 5 with a maximum of 47 hit points when you died.

